 Dungeon Crawl Stone Soup version 0.20.1-1-g8b1a95d (webtiles) character file.

2478 Jukra the Carver (level 9, -3/69 HPs)
             Began as a Demonspawn Abyssal Knight on Aug 29, 2017.
             Was an Elder of Lugonu.
             Slain by Grum
             ... wielding a -1 spear
              (13 damage)
             ... on level 8 of the Dungeon on Aug 30, 2017.
             The game lasted 00:47:33 (8093 turns).

Jukra the Carver (Demonspawn Abyssal Knight)        Turns: 8093, Time: 00:47:34

Health: -3/69      AC: 20    Str: 15    XL:     9   Next: 27%
Magic:  11/11      EV:  5    Int: 13    God:    Lugonu [****..]
Gold:   327        SH:  0    Dex: 20    Spells: 8/8 levels left

rFire    + . .     SeeInvis +   a - +1 falchion
rCold    x . .     Gourm    +   (no shield)
rNeg     . . .     Faith    .   g - +2 plate armour
rPois    .         Spirit   .   (no helmet)
rElec    .         Reflect  .   K - +1 cloak {+Inv}
rCorr    .         Harm     .   y - +2 pair of gloves
MR       .....                  (no boots)
Stlth    ..........             s - amulet of the gourmand
Regen    0.3/turn               e - ring of see invisible
MPRegen  0.2/turn               f - ring of fire

@: hasted, very quick
A: claws 2, thin skeletal structure 2, agile 1, demonic guardian 1, wild magic 1
a: Depart the Abyss, Bend Space, Banish, Corrupt, Renounce Religion, Evoke
Invisibility


You were on level 8 of the Dungeon.
You worshipped Lugonu.
Lugonu was greatly pleased with you.
You were very full.

You visited 1 branch of the dungeon, and saw 8 of its levels.
You visited the Abyss 1 time.

You collected 327 gold pieces.

Inventory:

Hand Weapons
 a - a +1 falchion (weapon)
 h - a +0 short sword
 k - a +1 dagger of freezing
 q - a +0 scythe
 t - a +0 flail
 u - a +1 short sword of draining
 w - a +0 war axe
 C - a +0 mace
 H - a +0 shortbow
 J - a +4 quarterstaff of chaos
 L - a +0 rapier
 N - a cursed -3 shortbow
Missiles
 I - 78 arrows
Armour
 b - a +0 leather armour
 c - a +0 chain mail
 g - a +2 plate armour (worn)
 r - a +0 robe of resistance
 x - a +3 leather armour
 y - a +2 pair of gloves (worn)
 K - a +1 cloak of invisibility (worn)
Jewellery
 e - a ring of see invisible (left hand)
 f - a ring of fire (right hand)
 s - an amulet of the gourmand (around neck)
Wands
 d - a wand of lightning (9/15)
 E - a wand of random effects (30/48)
Scrolls
 j - 2 scrolls of magic mapping
 m - 4 scrolls of teleportation
 p - 2 scrolls of fog
 v - 2 scrolls of remove curse
 O - a scroll of identify
Potions
 z - a potion of haste
 B - a potion of ambrosia
 D - 2 potions of agility
 F - a potion of cancellation
 G - a potion of curing
 M - a potion of brilliance
Books
 n - a book of Minor Magic

   Spells                             Type                      Level
   a - Magic Dart                     Conjuration                  1
   b - Blink                          Translocation                2
   c - Call Imp                       Summoning                    2
   d - Slow                           Hexes                        2
   e - Conjure Flame                  Conjuration/Fire             3
   f - Mephitic Cloud                 Conjuration/Poison/Air       3
Comestibles
 i - 3 meat rations
 l - 7 royal jellies
 o - 5 bread rations
 A - 5 fruits


   Skills:
 + Level 5.8 Fighting
 + Level 1.0(5.1) Short Blades
 + Level 8.0 Long Blades
 + Level 6.9 Armour
 + Level 1.1 Dodging
 + Level 0.8 Stealth
 + Level 2.7 Invocations


You had 8 spell levels left.
You didn't know any spells.

Dungeon Overview and Level Annotations

Branches:
Dungeon (8/15)             Temple (0/1) D:7
   Lair: D:8-11

Altars:
Ashenzari
Cheibriados
Elyvilon
Nemelex Xobeh

Shops:
D:8 (

Annotations:
D:8 Grum


Innate Abilities, Weirdness & Mutations

You have very sharp fingernails.
You have a moderately thin skeletal structure. (Dex +4, Stealth+)
A weak demonic guardian rushes to your aid.
You are agile. (Dex +2)
Your spells are a little harder to cast, but a little more powerful.


Message History

The wolf bites you but does no damage. x2; The wolf completely misses you.
Grum barely misses you.
You closely miss the wolf.
The wolf is lightly wounded.
The wolf bites you but does no damage. x2
Grum hits you from afar with a spear.
* * * LOW HITPOINT WARNING * * *
The wolf bites you but does no damage. x2
Your plate armour prevents you from hitting the wolf.
The wolf is lightly wounded.
The wolf bites you but does no damage. The wolf bites you.
* * * LOW HITPOINT WARNING * * *
Grum hits you from afar with a spear!
* * * LOW HITPOINT WARNING * * *
The wolf bites you but does no damage. x2; The wolf barely misses you.
You feel yourself speed up. The wolf barely misses you.
You riposte.
You hit the wolf.
The wolf is lightly wounded.
The wolf bites you but does no damage. Grum hits you from afar with a spear!
You die... ##.### #........## .......##..## ######......#### ). #.#.......# #. #.#.#..##.# .# #.# ##...#....(.# hh.

.. #.5......#...
..g.#.#
##.##.#...# #
#....###h@#⌠.##+##
..###..#.gh.#...
#........#####...
#.∩.#....# #...
#........+ ..._
#.#..##..# ..$#
#..# #### #...
#...


You could see Grum, 2 wolves and a friendly shadow imp.

Vanquished Creatures
  A hippogriff (D:8)
  Sigmund (D:2)
  A black bear (D:7)
  A sky beast (D:7)
  An ogre (D:6)
  2 phantoms
  A wolf (D:8)
  A centaur (D:7)
  A bullfrog (D:8)
  2 scorpions
  2 howler monkeys
  A bullfrog zombie (D:7)
  Crazy Yiuf (D:6)
  2 centaur skeletons
  2 orc priests
  2 hounds
  Natasha (thrice) (D:3)
  An iguana (D:6)
  2 orc wizards
  6 worker ants
  A hound zombie (D:7)
  15 adders
  A shadow imp (D:7)
  2 oozes
  5 worms
  8 dart slugs
  5 leopard geckos
  24 orcs
  2 ball pythons
  6 giant cockroaches
  9 goblins
  6 hobgoblins
  9 jackals
  A quokka (D:5)
  8 bats
  8 frilled lizards
  5 kobolds
  11 rats
160 creatures vanquished.

Vanquished Creatures (collateral kills)
  A hippogriff (D:6)
  An ice beast (D:5)
  A black bear (D:5)
  A phantom (D:7)
  2 ogres
  A centaur (D:5)
  A bullfrog (D:7)
  A wyvern skeleton (D:7)
  A howler monkey (D:4)
  An orc wizard (D:3)
  An adder (D:4)
  2 orcs (D:3)
14 creatures vanquished.

Grand Total: 174 creatures vanquished

Notes
Turn   | Place    | Note
-------+----------+-------------------------------------------
     0 | Abyss:1  | Jukra the Demonspawn Abyssal Knight began the quest for the Orb.
     0 | Abyss:1  | Reached XP level 1. HP: 18/18 MP: 2/2
    74 | Abyss:1  | Noticed an anaconda zombie
    78 | D:1      | Escaped the Abyss
   190 | D:1      | Reached skill level 2 in Long Blades
   190 | D:1      | Gained mutation: You have a somewhat thin skeletal structure. (Dex +2, Stealth) [demonic ancestry]
   190 | D:1      | Reached XP level 2. HP: 14/24 MP: 3/3
   533 | D:1      | Reached * piety under Lugonu
   573 | D:1      | Gained mutation: You have sharp fingernails. [demonic ancestry]
   573 | D:1      | Reached XP level 3. HP: 13/29 MP: 4/4
  1311 | D:2      | Noticed Sigmund
  1366 | D:2      | Killed Sigmund
  1366 | D:2      | Reached skill level 3 in Long Blades
  1366 | D:2      | Gained mutation: You have very sharp fingernails. [demonic ancestry]
  1366 | D:2      | Reached XP level 4. HP: 4/37 MP: 5/5
  1366 | D:2      | Gained mutation: A weak demonic guardian rushes to your aid. [demonic ancestry]
  1366 | D:2      | Reached XP level 5. HP: 4/42 MP: 6/6
  1899 | D:2      | Reached ** piety under Lugonu
  2195 | D:2      | Reached XP level 6. HP: 48/48 MP: 7/7
  2343 | D:3      | Learned a level 3 spell: Conjure Flame
  2355 | D:3      | Reached skill level 1 in Short Blades
  2804 | D:3      | Found a sparkling altar of Nemelex Xobeh.
  2822 | D:3      | Reached skill level 4 in Long Blades
  3311 | D:3      | Noticed Natasha
  3334 | D:3      | Killed Natasha
  3401 | D:3      | Noticed Natasha
  3409 | D:3      | Killed Natasha
  3534 | D:3      | Reached *** piety under Lugonu
  3580 | D:3      | Noticed Natasha
  3591 | D:3      | Killed Natasha
  3717 | D:4      | Gained mutation: You have a moderately thin skeletal structure. (Dex +4, Stealth+) [demonic ancestry]
  3717 | D:4      | Reached XP level 7. HP: 34/55 MP: 8/8
  3959 | D:4      | Reached skill level 5 in Long Blades
  4201 | D:4      | Found a snail-covered altar of Cheibriados.
  4314 | D:5      | Entered Level 5 of the Dungeon
  4855 | D:5      | Reached skill level 5 in Armour
  4911 | D:5      | Found a glowing drain.
  5069 | D:5      | Reached XP level 8. HP: 31/61 MP: 9/9
  5253 | D:5      | Reached skill level 6 in Long Blades
  5322 | D:5      | Reached **** piety under Lugonu
  5323 | D:5      | Reached skill level 1 in Dodging
  6013 | D:5      | Reached skill level 5 in Fighting
  6099 | D:6      | Noticed a hippogriff
  6106 | D:6      | Killed a hippogriff
  6572 | D:6      | Found a white marble altar of Elyvilon.
  6726 | D:6      | Found a runed door.
  6730 | D:6      | Noticed Crazy Yiuf
  6748 | D:6      | Killed Crazy Yiuf
  7254 | D:7      | Reached skill level 7 in Long Blades
  7271 | D:7      | Found a staircase to the Ecumenical Temple.
  7741 | D:7      | Reached XP level 9. HP: 66/68 MP: 11/11
  7944 | D:8      | Gained mutation: Your spells are a little harder to cast, but a little more powerful. [potion of mutation]
  7944 | D:8      | Gained mutation: You are agile. (Dex +2) [potion of mutation]
  8057 | D:8      | Found a shattered altar of Ashenzari.
  8063 | D:8      | Found Plog's Antique Weapon Emporium.
  8065 | D:8      | Noticed Grum
  8085 | D:8      | Reached skill level 8 in Long Blades
  8093 | D:8      | Slain by Grum

Skill      XL: |  1  2  3  4  5  6  7  8  9 |
---------------+----------------------------+-----
Long Blades    | 2 3 4 5 7 8 |  8.0
Armour         | 2 3 4 5 6 |  6.9
Fighting       | 4 5 |  5.8
Short Blades   | 1 |  1.0
Dodging        | 1 |  1.1
Stealth        | |  0.8
Invocations    | |  2.7

Action                   |  1- 3 |  4- 6 |  7- 9 || total
-------------------------+-------+-------+-------++-------
Melee: Falchion          |   130 |   263 |   490 ||   883
       Dagger            |       |    82 |       ||    82
Invok: Depart the Abyss  |     1 |       |       ||     1
       Bend Space        |       |       |     1 ||     1
  Use: Potion            |     1 |     6 |     9 ||    16
       Scroll            |       |     7 |     8 ||    15
 Stab: Distracted        |       |       |     5 ||     5
  Eat: Bread ration      |     1 |       |       ||     1
       Fruit             |     1 |       |       ||     1
       Chunk             |       |    11 |    15 ||    26
Armor: Plate armour      |   149 |   321 |   376 ||   846
Dodge: Dodged            |    35 |    71 |   134 ||   240
       Rpst.: Falchion   |     9 |    15 |    39 ||    63
